 Dungeon Crawl Stone Soup version 0.31.0-10-gcf4a605ca0 (webtiles) character file.

Game seed: 14225728667714461089

83029 glorpgorp the Earth Mage (level 14, -2/93 HPs)
             Began as a Demigod Earth Elementalist on Jan 25, 2024.
             Shot with an arrow by a centaur warrior (15 damage)
             ... on level 13 of the Dungeon on Jan 26, 2024.
             The game lasted 01:12:04 (22499 turns).

glorpgorp the Earth Mage (DgEE)                    Turns: 22499, Time: 01:12:04

Health: -2/93      AC: 16    Str:  9    XL:     14   Next: 91%
Magic:  5/29       EV: 12    Int: 33    God:
Gold:   1154       SH:  0    Dex: 14    Spells: 5/27 levels left

rFire   + . .        N - staff of earth
rCold   + + .        (no shield)
rNeg    . . .        E - +4 skin of Zhor {*Englaciate rC+++ SInv}
rPois   .            p - +2 helmet
rElec   .            k - +2 cloak
rCorr   .            (no gloves)
SInv    +            (no boots)
Will    +....        s - amulet of magic regeneration
Stlth   ++           H - ring of fire
HPRegen 0.35/turn    t - +4 ring of protection
MPRegen 0.61/turn

%: no passive effects
@: no status effects
A: high MP 1, forlorn, divine attributes
a: no special abilities


You were on level 13 of the Dungeon.
You visited 3 branches of the dungeon, and saw 21 of its levels.

You collected 1819 gold pieces.
You spent 665 gold pieces at shops.

Inventory:

Hand Weapons
 m - the +9 scimitar "Ecacwuczid" {drain, rElec rF- Will+}
   (You found it on level 5 of the Lair of Beasts)

   rF-:       It makes you vulnerable to fire.
   rElec:     It insulates you from electricity.
   Will+:     It increases your willpower.
 o - the +5 great sword of the Manifold Defenders {heavy, Will+++ Str+2 Int-3 SInv}
   (You acquired it on level 5 of the Dungeon)

   Str+2:     It affects your strength (+2).
   Int-3:     It affects your intelligence (-3).
   Will+++:   It greatly increases your willpower.
   SInv:      It lets you see invisible.
 Q - a +1 dagger of electrocution
Missiles
 G - 2 throwing nets
Armour
 k - a +2 cloak (worn)
 n - the +0 pair of boots of Fun and Games {Harm Str+4 Dex-3}
   (You found it on level 2 of the Dungeon)

   Str+4:     It affects your strength (+4).
   Dex-3:     It affects your dexterity (-3).
   Harm:      It increases damage dealt and taken.
 p - a +2 helmet (worn)
 x - a scarf of shadows
 z - a +2 buckler of positive energy
 E - the +4 skin of Zhor (worn) {*Englaciate rC+++ SInv}
   (You found it on level 1 of the Lair of Beasts)

   *Englaciate: It radiates cold, occasionally slowing all nearby creatures who
   are not resistant to cold.
   rC+++:     It renders you almost immune to cold.
   SInv:      It lets you see invisible.
 I - a +0 leather armour of fire resistance
Magical Staves
 N - a staff of earth (weapon)
Jewellery
 s - an amulet of magic regeneration (around neck)
 t - a +4 ring of protection (right hand)
 B - the ring of Xaxeum {rPois SInv}
   (You acquired it on level 5 of the Dungeon)

   [ring of poison resistance]

   rPois:     It protects you from poison SInv: It lets you see invisible.
 H - a ring of fire (left hand)
Wands
 b - a wand of mindburst (6)
 c - a wand of paralysis (5)
 f - a wand of digging (3)
 F - a wand of flame (22)
 O - a wand of polymorph (2)
Scrolls
 d - 3 scrolls of fog
 e - a scroll of noise
 h - 10 scrolls of teleportation
 j - 3 scrolls of vulnerability
 q - a scroll of enchant armour
 r - 2 scrolls of revelation
 v - 2 scrolls of blinking
 y - 4 scrolls of enchant weapon
 C - 5 scrolls of amnesia
Potions
 a - a potion of berserk rage
 i - 6 potions of curing
 l - 2 potions of attraction
 u - a potion of might
 w - 3 potions of ambrosia
 J - a potion of enlightenment
 M - a potion of lignification


   Skills:
 - Level 1.7 Dodging
 - Level 1.7 Stealth
 - Level 0.5 Shields
 - Level 7.4 Spellcasting
 * Level 16.5 Conjurations
 * Level 17.7 Earth Magic


You had 5 spell levels left.
You knew the following spells:

 Your Spells              Type           Power      Damage    Failure   Level
a - Sandblast             Erth           100%       2d20      0%          1
b - Passwall              Erth           100%       N/A       0%          3
c - Stone Arrow           Conj/Erth      100%       3d13      0%          3
d - Brom's Barrelling Bo  Conj/Erth      100%       2d11      1%          4
e - Swiftness             Air            12%        N/A       11%         3
f - Lehudib's Crystal Sp  Conj/Erth      56%        10d13     22%         8

Your spell library contained the following spells:

 Spells                   Type           Power      Damage    Failure   Level
 Foxfire                  Conj/Fire      100%       2x1d9     1%          1
 Petrify                  Alch/Erth      82%        N/A       1%          4
 Summon Small Mammal      Summ           48%        N/A       3%          1
 Arcjolt                  Conj/Air       30%        1d40      3%          5
 Ensorcelled Hibernation  Hex/Ice        24%        N/A       5%          2
 Call Canine Familiar     Summ           12%        N/A       11%         3
 Sigil of Binding         Hex            12%        N/A       11%         3
 Dimensional Bullseye     Hex/Tloc       6%         N/A       36%         4
 Ignite Poison            Fire/Alch      18%        N/A       36%         4
 Passage of Golubria      Tloc           12%        N/A       36%         4
 Sticky Flame             Fire/Alch      18%        2d6       36%         4
 Summon Blazeheart Golem  Fire/Summ      18%        N/A       36%         4
 Vhi's Electric Charge    Tloc/Air       24%        N/A       36%         4
 Silence                  Hex/Air        6%         N/A       71%         5
 Starburst                Conj/Fire      39%        6d11      19%         6
 Plasma Beam              Fire/Air       9%         2x1d19    99%         6
 Ignition                 Fire           9%         3d5       100%        8
 Maxwell's Capacitive Co  Air            6%         ∞         100%        8
 Fire Storm               Conj/Fire      39%        8d10      100%        9


Dungeon Overview and Level Annotations

Branches:
Dungeon (14/15)            Temple (0/1) D:6            Lair (5/5) D:10
 Shoals (0/4) Lair:2        Snake (0/4) Lair:3        Slime (0/5) Lair:5
    Orc (2/2) D:11            Elf (0/3) Orc:2
 Vaults: D:13-14

Shops:
D:10 :   Orc:1 (*[!!   Orc:2 :*:

Annotations:
Orc:2 3 runed translucent doors, gelatine's ghost, journeyman DsFi


Innate Abilities, Weirdness & Mutations

You have an increased reservoir of magic. (+10% MP)
You shall have no god before yourself.
Your divine heritage dramatically boosts your attributes as you level up.


Message History

The arrow hits you!!
* * * LOW HITPOINT WARNING * * *
Casting: Lehudib's Crystal Spear (quite dangerous; 22% risk of failure)
Confirm with . or Enter, or press ? or * to list all spells.
Aiming: Lehudib's Crystal Spear (quite dangerous; 22% risk of failure)
Press: ? - help, Shift-Dir - straight line, f - centaur warrior
Aim: a centaur warrior, wielding a +0 orcbow (blue smoke, moderately wounded, slow, 87% to hit)
You feel a surge of power!
The crystal spear hits the centaur warrior!!!!
You kill the centaur warrior!
Casting: Lehudib's Crystal Spear (quite dangerous; 22% risk of failure)
Confirm with . or Enter, or press ? or * to list all spells.
You don't have enough magic to cast this spell.
Unknown command.
Okay, then.
The centaur warrior shoots an arrow.
The arrow hits you!
* * * LOW HITPOINT WARNING * * *
You feel better.
Your magical contamination has completely faded away.
Casting: Lehudib's Crystal Spear (quite dangerous; 22% risk of failure)
Confirm with . or Enter, or press ? or * to list all spells.
You don't have enough magic to cast this spell.
Casting: Lehudib's Crystal Spear (quite dangerous; 22% risk of failure)
Confirm with . or Enter, or press ? or * to list all spells.
Aiming: Stone Arrow (safe; 0% risk of failure)
Press: ? - help, Shift-Dir - straight line, f - centaur warrior
Aim: a centaur warrior, wielding a +0 shortbow (blue smoke, 84% to hit)
You feel a surge of power!
The stone arrow misses the centaur warrior.
The centaur warrior unwields a +0 shortbow.
The centaur warrior hits you!
* * * LOW HITPOINT WARNING * * *
The centaur warrior barely misses you.
Blink to where?
Press: ? - help, Dir - move target, p - centaur warrior
As you read the scroll of blinking, it crumbles to dust.
You radiate an aura of cold.
The centaur warrior resists.
The centaur warrior wields a +0 shortbow.
The centaur warrior shoots an arrow.
The arrow hits you!
You die...

#.# #.##§c§§....#
. #§#
#.##§##c###.#
#c###§# #.##§##.#
ccc§§c####.##§##.#
#.##§§cy.†..§§##.#
# ###§####....##.#
.##.§.# #.##.##.#
..##.## #.##.##.#
.....# #(##.##@#
...#######.......#
..##..).......####
#..#(##########
.....# ....##
....# ....# .....#


You could see a centaur warrior.

Vanquished Creatures
  Rupert (D:12)
  Gastronok (D:11)
  Kirke (Lair:5)
  Nessos (Lair:5)
  Azrael (D:12)
  Snorg (D:11)
  An entropy weaver (shapeshifter) (D:13)
  3 hydras
  Harold (Lair:2)
  An ogre mage (D:11)
  6 catoblepae
  A centaur warrior (D:13)
  7 death yaks (Lair:5)
  7 two-headed ogres
  Urug (D:11)
  3 orc high priests (Orc:2)
  3 skysharks
  An orc knight (Orc:2)
  7 orc sorcerers
  A deep elf pyromancer (D:12)
  2 ugly things
  3 cyclopes
  2 manticores (Lair:5)
  12 black mambas
  3 meliai (D:13)
  A merfolk siren (Lair:2)
  10 elephants (Lair:4)
  3 torpor snails
  12 cane toads
  A cane toad (shapeshifter) (D:13)
  A gargoyle (D:10)
  5 komodo dragons
  A freezing wraith (D:14)
  2 kobold demonologists (D:11)
  7 rime drakes
  An efreet (D:14)
  9 trolls
  Grinder (D:5)
  5 hornets (Orc:1)
  13 blink frogs
  12 dream sheep
  A wraith (D:10)
  4 wyverns
  A shadow (D:11)
  74 yaks
  A steam dragon (D:7)
  7 basilisks
  3 hogs (Lair:5)
  Grum (D:11)
  10 wargs
  4 fire elementals (D:12)
  An acid dragon (D:13)
  17 water moccasins
  3 hell hounds (D:12)
  A meliai simulacrum (D:14)
  13 orc warriors
  3 black bears
  7 ogres
  A crocodile (D:8)
  12 wolves
  6 centaurs
  5 kobold brigands
  2 phantoms
  6 bullfrogs
  4 scorpions
  9 wights
  11 killer bees (D:9)
  5 howler monkeys
  4 electric eels
  6 bombardier beetles
  6 hounds
  4 jellies
  3 gnoll boudas
  23 orc priests
  7 iguanas
  25 orc wizards
  5 hell rats (Lair:4)
  17 gnolls
  6 adders
  2 ufetubi (D:7)
  5 dart slugs
  A ribbon worm (D:3)
  84 orcs
  3 endoplasms
  2 giant cockroaches
  4 goblins
  5 hobgoblins
  4 quokkas
  8 ball pythons
  5 bats
  2 frilled lizards (D:8)
  18 kobolds
  7 rats
623 creatures vanquished.

Vanquished Creatures (collateral kills)
  A boulder beetle (Lair:2)
  A warg (D:11)
  An orc warrior (D:11)
  2 kobolds (D:9)
  44 boulders
49 creatures vanquished.

Vanquished Creatures (others)
  An orc wizard (Orc:2)
  57 boulders
58 creatures vanquished.

Grand Total: 730 creatures vanquished

Notes
Turn   | Place    | Note
-------+----------+-------------------------------------------
     0 | D:1      | glorpgorp the Demigod Earth Elementalist began the quest
                  | for the Orb.
     0 | D:1      | Reached XP level 1. HP: 14/14 MP: 5/5
   106 | D:1      | Reached skill level 1 in Conjurations
   149 | D:1      | Reached skill level 3 in Earth Magic
   262 | D:1      | Reached XP level 2. HP: 19/20 MP: 4/7
  1295 | D:2      | Identified the +0 pair of boots of Fun and Games {Harm
                  | Str+4 Dex-3}
  1530 | D:2      | Reached XP level 3. HP: 26/26 MP: 4/8
  1534 | D:2      | Learned a level 3 spell: Passwall
  2259 | D:3      | Got Iniuces's Discursus on Flames
  3006 | D:4      | Reached skill level 4 in Earth Magic
  3006 | D:4      | Reached XP level 4. HP: 28/33 MP: 5/10
  3104 | D:4      | Reached XP level 5. HP: 36/38 MP: 9/12
  3236 | D:4      | Learned a level 3 spell: Stone Arrow
  3266 | D:4      | Reached skill level 5 in Earth Magic
  3317 | D:4      | Reached XP level 6. HP: 45/45 MP: 12/14
  3562 | D:5      | Entered Level 5 of the Dungeon
  3642 | D:5      | Noticed Grinder
  3652 | D:5      | Killed Grinder
  3653 | D:5      | Reached XP level 7. HP: 35/50 MP: 11/16
  3654 | D:5      | Reached skill level 6 in Earth Magic
  3764 | D:5      | Identified 2 scrolls of acquirement
  3764 | D:5      | Acquired the ring of Xaxeum {rPois SInv}
  3769 | D:5      | Acquired the +5 great sword of the Manifold Defenders
                  | {heavy, Will+++ Str+2 Int-3 SInv}
  4345 | D:5      | Reached skill level 5 in Spellcasting
  4354 | D:5      | Reached skill level 7 in Earth Magic
  4354 | D:5      | Reached XP level 8. HP: 43/57 MP: 10/19
  4422 | D:5      | Learned a level 4 spell: Brom's Barrelling Boulder
  4640 | D:6      | Found a staircase to the Ecumenical Temple.
  4800 | D:6      | Reached skill level 8 in Earth Magic
  5418 | D:7      | Reached XP level 9. HP: 62/62 MP: 16/21
  5430 | D:7      | Reached skill level 5 in Conjurations
  5434 | D:7      | Reached skill level 9 in Earth Magic
  6307 | D:8      | Noticed a two-headed ogre
  6318 | D:8      | Killed a two-headed ogre
  6560 | D:8      | Noticed a komodo dragon
  6580 | D:8      | Killed a komodo dragon
  6703 | D:8      | Reached skill level 10 in Earth Magic
  6703 | D:8      | Reached XP level 10. HP: 69/69 MP: 16/24
  8201 | D:10     | Entered Level 10 of the Dungeon
  8638 | D:10     | Reached skill level 11 in Earth Magic
  8689 | D:10     | Found Nouvodi's Book Emporium.
  9108 | D:10     | Found a staircase to the Lair.
  9131 | D:10     | Learned a level 3 spell: Swiftness
  9137 | D:11     | Noticed a two-headed ogre
  9137 | D:11     | Noticed a two-headed ogre
  9138 | D:11     | Noticed a two-headed ogre
  9141 | D:11     | Noticed an ogre mage
  9151 | D:10     | Killed a two-headed ogre
  9205 | D:11     | Noticed a two-headed ogre
  9206 | D:11     | Killed a two-headed ogre
  9207 | D:11     | Reached XP level 11. HP: 74/74 MP: 20/26
  9209 | D:11     | Killed a two-headed ogre
  9227 | D:11     | Killed an ogre mage
  9227 | D:11     | Noticed a two-headed ogre
  9229 | D:11     | Killed a two-headed ogre
  9237 | D:11     | Killed a two-headed ogre
  9238 | D:11     | Reached skill level 12 in Earth Magic
  9308 | D:11     | Noticed Urug
  9527 | Lair:1   | Entered Level 1 of the Lair of Beasts
  9627 | Lair:1   | Reached skill level 10 in Conjurations
  9734 | Lair:1   | Found the +4 skin of Zhor {*Englaciate rC+++ SInv}
 10051 | Lair:1   | Reached skill level 13 in Earth Magic
 10386 | Lair:1   | Noticed a catoblepas
 10632 | Lair:1   | Killed a catoblepas
 10633 | Lair:1   | Reached XP level 12. HP: 67/81 MP: 13/27
 11001 | Lair:2   | Noticed a catoblepas
 11002 | Lair:2   | Noticed Harold
 11232 | Lair:2   | Killed a catoblepas
 11309 | Lair:2   | Killed Harold
 11353 | Lair:2   | Noticed a boulder beetle
 11371 | Lair:2   | Killed a boulder beetle
 11883 | Lair:2   | Noticed a six-headed hydra
 11893 | Lair:2   | Killed a six-headed hydra
 12397 | Lair:2   | Reached skill level 14 in Earth Magic
 12408 | Lair:2   | Found a staircase to the Shoals.
 12684 | Lair:3   | Noticed an eight-headed hydra
 12730 | Lair:3   | Killed an eight-headed hydra
 13353 | Lair:3   | Found a staircase to the Snake Pit.
 13597 | Lair:3   | Reached XP level 13. HP: 86/86 MP: 20/28
 14444 | Lair:4   | Reached skill level 15 in Earth Magic
 15503 | Lair:5   | Entered Level 5 of the Lair of Beasts
 16393 | Lair:5   | Reached skill level 16 in Earth Magic
 16643 | Lair:5   | Found a staircase to the Slime Pits.
 16800 | Lair:5   | Noticed Kirke
 16813 | Lair:5   | Killed Kirke
 16987 | Lair:5   | Noticed Nessos
 16999 | Lair:5   | Killed Nessos
 17000 | Lair:5   | Reached XP level 14. HP: 82/93 MP: 11/29
 17184 | Lair:5   | Reached skill level 15 in Conjurations
 17416 | Lair:5   | Identified the +9 scimitar "Ecacwuczid" {drain, rElec rF-
                  | Will+}
 17848 | D:11     | Killed Urug
 17911 | D:11     | Noticed Gastronok
 17917 | D:11     | Noticed Snorg
 17929 | D:11     | Killed Snorg
 17930 | D:11     | Killed Gastronok
 18123 | D:11     | Found a staircase to the Orcish Mines.
 18155 | D:11     | Noticed Grum
 18162 | D:11     | Killed Grum
 18696 | D:11     | Reached skill level 17 in Earth Magic
 18816 | Orc:1    | Entered Level 1 of the Orcish Mines
 18971 | Orc:1    | Found Dumin's Armour Boutique.
 18974 | Orc:1    | Paralysed by a hornet for 2 turns
 18996 | Orc:1    | Paralysed by an orc sorcerer for 2 turns
 19275 | Orc:1    | Found Xesup's Antique Weapon Shop.
 19329 | Orc:1    | Found Qanim's Assorted Antiques.
 19575 | Orc:2    | Entered Level 2 of the Orcish Mines
 19575 | Orc:2    | Noticed an orc warlord
 19575 | Orc:2    | Found a runed translucent gate.
 19575 | Orc:2    | Found a runed translucent gate.
 19575 | Orc:2    | Found a runed translucent gate.
 19577 | Orc:2    | Noticed gelatine's ghost (journeyman DsFi)
 20000 | Orc:1    | Found Gazxo's Distillery.
 20008 | Orc:1    | Bought a potion of haste for 150 gold pieces
 20008 | Orc:1    | Bought a potion of heal wounds for 75 gold pieces
 20026 | Orc:1    | Found Uzeg Pia's Distillery.
 20676 | Orc:2    | Found a staircase to the Elven Halls.
 20730 | Orc:2    | Found Homiq's Assorted Antiques.
 20741 | Orc:2    | Found Bymeg's Book Boutique.
 20747 | Orc:2    | Bought a book of the Moon for 440 gold pieces
 21089 | Orc:2    | Found Sioq Bad's Book Boutique.
 21134 | Orc:2    | Learned a level 8 spell: Lehudib's Crystal Spear
 21472 | D:12     | Noticed Azrael
 21487 | D:12     | Killed Azrael
 21836 | D:12     | Noticed Rupert
 21858 | D:12     | Killed Rupert
 21964 | D:12     | You fall into a shaft and drop 2 floors!
 22499 | D:13     | Shot with an arrow by a centaur warrior

Illustrated notes

Levels and vault maps discovered:
D:1:      dpeg_arrival_renting, layout_loops_ring, minmay_shallow_snake_nest
D:2:      layout_basic, shapermc_ecumenical_altar_venn,
          chequers_serial_rivers_micro_c
D:3:      layout_basic, palyth_stone_intersect
D:4:      layout_rooms, kennysheep_generic_room_12
D:5:      layout_gridville, kennysheep_generic_room_9, uniq_grinder
D:6:      layout_basic, temple_statues, serial_corexii_hall,
          corexii_hall_statues_x, corexii_hall_statues_l,
          corexii_hall_statues_t, chequers_hall_statues_y,
          amcnicky_mini_pool_small
D:7:      minmay_general_purpose_star, layout_gridville,
          nicolae_dithmenos_through_a_glass_darkly, serial_bayou,
          serial_bayou_ford_a, serial_bayou_shore_b, serial_bayou_crossing,
          serial_bayou_pond_b
D:8:      layout_loops_corners, minmay_misc_feat_room, minmay_lizard_king
D:9:      layout_basic, kennysheep_generic_room_15
D:10:     layout_irregular_city, lair_entry_dummy, serial_column_ruins,
          column_ruins_square_small, column_ruins_hut, column_ruins_open_tiny,
          column_ruins_grid_2, column_ruins_grid_2,
          column_ruins_columns_straight, column_ruins_corridor_straight,
          serial_shops, shop, amcnicky_mini_corridor_feature
D:11:     layout_gridville, david_orc_2, nooodl_orcs_dogs, uniq_gastronok,
          uniq_snorg, uniq_grum, uniq_urug
D:12:     layout_roguey, uniq_rupert, uniq_azrael
D:13:     nicolae_cairo_tiling_large_dashed, layout_loops_ring,
          grunt_vaults_entry_fortified, uniq_josephine, uniq_erolcha
D:14:     layout_cave_pods, gammafunk_ghost_arena
Lair:1:   layout_small_grid, pdpol_lair_neglected_garden,
          hellmonk_guarded_unrand_zhor
Lair:2:   layout_chaotic_city, elwin_shoals_entry_rooms, lemuel_centaur_altar,
          grunt_megastairs_4, infiniplex_staircase_pool_2, uniq_harold
Lair:3:   layout_cave_pods, minmay_snake_entry_six_corridors,
          infiniplex_staircase_pool, grunt_megastairs_3, serial_bayou_shore_a
Lair:4:   layout_regular_city, serial_bayou_pond_d, minivault_19
Lair:5:   evilmike_catoblepas_cave, layout_misc_corridors,
          dpeg_slime_entry_corner, chequers_serial_rivers_room_b, uniq_nessos,
          uniq_kirke
Orc:1:    hellmonk_paralyzer, layout_caves, serial_shops,
          nicolae_lakefront_shop, shop, nicolae_shop_advertising_works
          [nicolae_subvault_shop_adworks], shop, nicolae_shop_peninsula
Orc:2:    st_orc_town, layout_caves, gammafunk_ghost_split

Skill      XL: |  1  2  3  4  5  6  7  8  9 10 11 12 13 14 |
---------------+-------------------------------------------+-----
Conjurations   | 1 2 3 4 6 9 11 13 14 16 | 16.5
Earth Magic    | 3 4 5 7 8 10 11 13 14 16 17 | 17.7
Spellcasting   | 2 3 4 5 6 7 |  7.4
Dodging        | |  1.7
Stealth        | |  1.7
Shields        | |  0.5

Action                     |  1- 3 |  4- 6 |  7- 9 | 10-12 | 13-15 || total
---------------------------+-------+-------+-------+-------+-------++-------
  Melee: Short sword       |       |     1 |     2 |     5 |       ||     8
         Dagger            |       |       |       |       |    17 ||    17
         Staff             |       |       |       |       |     5 ||     5
         Great sword       |       |       |       |       |     1 ||     1
   Cast: Sandblast         |    62 |    42 |    67 |   165 |   222 ||   558
         Stone Arrow       |       |       |    42 |   161 |   370 ||   573
         Brom's Barrelling |       |       |    33 |    43 |    61 ||   137
         Lehudib's Crystal |       |       |       |       |    14 ||    14
  Evoke: Wand              |       |       |       |    14 |    18 ||    32
    Use: Potion            |     2 |       |     1 |     4 |    15 ||    22
         Scroll            |     1 |     1 |    12 |    12 |    20 ||    46
   Stab: Paralysed         |       |       |       |       |     3 ||     3
 Armour: Robe              |    11 |    11 |    33 |     4 |       ||    59
         Leather armour    |       |       |       |    47 |       ||    47
         Animal skin       |       |       |       |    85 |   272 ||   357
         Skin              |       |       |       |       |     1 ||     1
  Dodge: Dodged            |     8 |    12 |    24 |    59 |   148 ||   251
  Block: Buckler           |       |     2 |     8 |    20 |    59 ||    89
